 Dungeon Crawl Stone Soup version 0.32-a0-975-g85d4e5bfdb (webtiles) character file.

Game seed: 2166758455521789867

53 HilariousDeathArtist the Sneak (level 3, -2/33 HPs)
             Began as a Draconian Delver on Apr 18, 2024.
             Slain by a quokka (3 damage)
             ... on level 3 of the Dungeon.
             The game lasted 00:01:05 (281 turns).

HilariousDeathArtist the Sneak (Draconian Delver)    Turns: 281, Time: 00:01:06

Health: -2/33      AC:  5    Str: 14    XL:     3   Next: 64%
Magic:  3/3        EV: 11    Int: 10    God:
Gold:   31         SH:  0    Dex: 14    Spells: 2/2 levels left

rFire   + . .        a - +7 sling of Woe {freeze, rF+ Will+}
rCold   . . .        (no shield)
rNeg    . . .        (body armour unavailable)
rPois   .            (helmet restricted)
rElec   .            (no cloak)
rCorr   .            (no gloves)
SInv    .            (no boots)
Will    +....        (no amulet)
Stlth   +++          (no ring)
HPRegen 0.25/turn    (no ring)
MPRegen 0.08/turn

%: no passive effects
@: lethally poisoned (-2 -> -12), hasted, very quick
A: AC +5, unfitting armour, cold-blooded
a: no special abilities


You were on level 3 of the Dungeon.
You visited 1 branch of the dungeon, and saw 4 of its levels.

You collected 31 gold pieces.

Inventory:

Hand Weapons
 a - the +7 sling of Woe (weapon) {freeze, rF+ Will+}
   (You found it on level 5 of the Dungeon)

   rF+:       It protects you from fire.
   Will+:     It increases your willpower.
 A - a +0 spear
Wands
 d - a wand of digging (3)
 y - a wand of mindburst (7)
   (You found it on level 3 of the Dungeon)
Scrolls
 b - a scroll of fog
 c - a scroll of revelation
 E - a scroll of fear


   Skills:
 - Level 4.0 Fighting
 - Level 2.0 Polearms
 + Level 2.4 Ranged Weapons
 - Level 1.7 Dodging
 - Level 4.5 Stealth


You had 2 spell levels left.
You didn't know any spells.
Your spell library was empty.

Dungeon Overview and Level Annotations

Branches:
Dungeon (5/15)
 Temple: D:4-7

Altars:

Shops:
D:3 *

Annotations:
D:2 Terence
D:3 Jessica


Innate Abilities, Weirdness & Mutations

Your plain brown scales are hard. (AC +5)
You cannot fit into any form of body armour.
You are cold-blooded and may be slowed by cold attacks.


Message History

Your Ranged Weapons skill increases to level 2!
You have reached level 3!
Your experience leads to an increase in your attributes!
Increase (s)trength, (i)ntelligence, or (d)exterity?
You feel agile. x2; Your scales feel tougher.
Health restored: 33; MP restored: 3
There is a stone staircase leading up here.
You climb upwards.
Found 14 gold pieces.
Found Vastrevvyt's Assorted Antiques.
There is a stone staircase leading down here.
You shoot a sling bullet. The sling bullet hits the endoplasm.
The sling bullet freezes the endoplasm.
You kill the endoplasm!
No target in view!
No target in view!
There is an entrance to Vastrevvyt's Assorted Antiques here.
There is a stone staircase leading down here.
A giant cockroach comes into view.
A giant cockroach is nearby!
A giant cockroach is nearby!
You shoot a sling bullet.
The sling bullet hits the giant cockroach.
The sling bullet freezes the giant cockroach.
You shoot a sling bullet.
The sling bullet hits the giant cockroach!
The sling bullet freezes the giant cockroach.
You kill the giant cockroach!
No target in view!
No target in view!
No target in view!
No target in view!
No target in view!
You now have 14 gold pieces.
A dart slug comes into view.
You shoot a sling bullet.
The sling bullet hits the dart slug but does no damage.
No target in view!
You shoot a sling bullet. The sling bullet hits the dart slug!
The sling bullet freezes the dart slug.
You kill the dart slug!
No target in view!
Found a stone staircase leading up.
No target in view!
There is a stone staircase leading up here.
You climb upwards.
Jessica shouts!
You hear an angry hiss.
There is a stone staircase leading down here.
You climb downwards.
There is a stone staircase leading up here.
y - a wand of mindburst (7)
You now have enough gold to buy a bubbling white potion on this level, buy a gluggy clear potion on this level, buy a viscous amethyst potion on this level, buy a scroll labelled BOEXZE WIMOAKH on this level, or buy a scroll labelled QEOSMIKOOB on this level.
You now have 31 gold pieces (gained 17).
There is a stone staircase leading up here.
You climb upwards.
Level annotation: Jessica A dart slug comes into view.
Jessica mumbles some strange words.
Jessica blinks!
The hobgoblin shouts!
There is a stone staircase leading down here.
You shoot a sling bullet. The rat squeaks loudly.
The sling bullet hits Jessica.
The sling bullet freezes Jessica.
You hear an angry hiss.
You shoot a sling bullet.
The sling bullet completely misses Jessica.
An endoplasm comes into view.
The dart slug launches a dart at you. The slug dart hits you.
The hobgoblin completely misses you. Jessica closely misses you.
The endoplasm moves out of view.
You take 2 damage, and have 31/33 hp.
The quokka bites you. The dart slug launches a dart at you.
The slug dart hits you. The hobgoblin hits you. Jessica completely misses you.
The frilled lizard bites you.
You climb downwards.
There is a stone staircase leading up here.
You take 7 damage, and have 24/33 hp.
MASSIVE DAMAGE!!
Jessica hits you with a +4 dagger of venom.
You are poisoned.
You take 3 damage, and have 21/33 hp.
You feel very sick.
Jessica hits you with a +4 dagger of venom.
You are lethally poisoned!
You take 9 damage, and have 12/33 hp.
MASSIVE DAMAGE!!
* * * LOW HITPOINT WARNING * * *
You feel very sick.
The frilled lizard bites you but does no damage.
You take 5 damage, and have 7/33 hp.
* * * LOW HITPOINT WARNING * * *
You feel very sick. The quokka barely misses you.
You take 3 damage, and have 4/33 hp.
You feel yourself speed up.
* * * LOW HITPOINT WARNING * * *
You feel very sick. The quokka bites you.
You die...

........# #..
........# #.#
...###..#####.#
#.....#...$...#
..............##
...............##
............<.@.##
...............rl#
...............#@#
...............#.#
...............#.#
..............##..
#.....##.......##.
########........#..
####..#...#.
##...##... .#.. ..


You could see Jessica, a quokka and a frilled lizard.

Vanquished Creatures
  A jelly (D:4)
  A gnoll (D:5)
  An adder (D:5)
  A dart slug (D:3)
  An endoplasm (D:3)
  A giant cockroach (D:3)
6 creatures vanquished.

Notes
Turn   | Place    | Note
-------+----------+-------------------------------------------
     0 | D:5      | HilariousDeathArtist the Draconian Delver began the quest
                  | for the Orb.
     0 | D:5      | Reached XP level 1. HP: 19/19 MP: 1/1
    24 | D:5      | Reached skill level 4 in Fighting
    24 | D:5      | Reached XP level 2. HP: 16/27 MP: 2/2
    79 | D:5      | Identified the +7 sling of Woe {freeze, rF+ Will+}
   105 | D:5      | Reached skill level 1 in Ranged Weapons
   172 | D:5      | Noticed a bombardier beetle
   199 | D:4      | Reached skill level 2 in Ranged Weapons
   199 | D:4      | Reached XP level 3. HP: 33/33 MP: 3/3
   205 | D:3      | Found Vastrevvyt's Assorted Antiques.
   256 | D:2      | Noticed Jessica
   275 | D:2      | Noticed Terence
   279 | D:3      | HP: 7/33 [poisoned by Jessica]
   281 | D:3      | HP: 1/33 [poisoned by Jessica]
   281 | D:3      | Slain by a quokka

Illustrated notes

Levels and vault maps discovered:
D:2:      layout_rooms, dreamdust_ecumenical_altar_angels_and_demons,
          uniq_sigmund, uniq_jessica, uniq_terence
D:3:      layout_rooms, mainiacjoe_overflow_boulevard, serial_shops,
          nicolae_shop_getting_attention
D:4:      layout_rooms, mainiacjoe_overflow_small_starburst, minmay_liquid_box,
          grunt_decor_cap, uniq_blork_the_orc
D:5:      layout_basic, okawaru_metal_pillars_1_2

Skill      XL: |  1  2 |
---------------+-------+-----
Fighting       | 4 |  4.0
Ranged Weapons | 2 |  2.4
Polearms       | |  2.0
Dodging        | |  1.7
Stealth        | |  4.5

Action                     || total
---------------------------++-------
  Melee: Spear             ||    15
         Tailslap          ||     3
   Fire: Sling             ||    12
    Use: Potion            ||     1
 Armour: Skin              ||    17
  Dodge: Dodged            ||    14

Table legend: (Time is in decaauts)
 A = Elapsed time spent in this place.
 B = Non-inter-level travel time spent in this place.
 C = Inter-level travel time spent in this place.
 D = Time resting spent in this place.
 E = Time spent auto-exploring this place.
 F = Levels seen in this place.
 G = Mean time per level.
                   A        B        C        D        E       F      G
               +--------+--------+--------+--------+--------+-----+--------+
         Total |    285 |    270 |     15 |      0 |    173 |   4 |   71.2 |
       Dungeon |    285 |    270 |     15 |      0 |    173 |   4 |   71.2 |
               +--------+--------+--------+--------+--------+-----+--------+

Top non-repeatable levels by time:
     D:5: 184 daAuts
     D:3: 72 daAuts
     D:4: 21 daAuts
     D:2: 6 daAuts

Levels and vault maps discovered:
D:2:      layout_rooms, dreamdust_ecumenical_altar_angels_and_demons,
          uniq_sigmund, uniq_jessica, uniq_terence
D:3:      layout_rooms, mainiacjoe_overflow_boulevard, serial_shops,
          nicolae_shop_getting_attention
D:4:      layout_rooms, mainiacjoe_overflow_small_starburst, minmay_liquid_box,
          grunt_decor_cap, uniq_blork_the_orc
D:5:      layout_basic, okawaru_metal_pillars_1_2

Table legend: (Time is in decaauts)
 A = Elapsed time spent in this place.
 B = Non-inter-level travel time spent in this place.
 C = Inter-level travel time spent in this place.
 D = Time resting spent in this place.
 E = Time spent auto-exploring this place.
 F = Levels seen in this place.
 G = Mean time per level.
                   A        B        C        D        E       F      G
               +--------+--------+--------+--------+--------+-----+--------+
         Total |    285 |    270 |     15 |      0 |    173 |   4 |   71.2 |
       Dungeon |    285 |    270 |     15 |      0 |    173 |   4 |   71.2 |
               +--------+--------+--------+--------+--------+-----+--------+

Top non-repeatable levels by time:
     D:5: 184 daAuts
     D:3: 72 daAuts
     D:4: 21 daAuts
     D:2: 6 daAuts

Table legend:
 A = Kills in this place as a percentage of kills in the entire game.
 B = Kills by you in this place as a percentage of kills by you in the entire game.
 C = Kills by friends in this place as a percentage of kills by friends in the entire game.
 D = Other kills in this place as a percentage of other kills in the entire game.
 E = Experience gained in this place as a percentage of experience gained in the entire game.
 F = Experience gained in this place divided by the number of levels of this place that you have seen.
                   A       B       C       D       E      F
               +-------+-------+-------+-------+-------+----------------------
         Total | 100.0 | 100.0 |   N/A |   N/A | 100.0 |  19.2
       Dungeon | 100.0 | 100.0 |   N/A |   N/A | 100.0 |  19.2
               +-------+-------+-------+-------+-------+----------------------
